 Dungeon Crawl Stone Soup version 0.17-a0-1632-g0af21bd (console) character file.

364 Monkaria the Sneak (level 6, -8/28 HPs)
             Began as a Felid Berserker on Aug 2, 2015.
             Was a Believer of Trog.
             Mangled by a mummy (17 damage)
             ... in an ossuary.
             The game lasted 00:04:37 (2907 turns).

Monkaria the Sneak (Felid Berserker)                Turns: 2907, Time: 00:04:37

Health: -8/28      AC:  2    Str: 15    XL:     6   Next: 39%
Magic:  7/7        EV: 21    Int:  9    God:    Trog [**....]
Gold:   177        SH:  0    Dex: 15    Spells: 0 memorised, 5 levels left
                                        Lives:  0   Deaths: 1

rFire  . . .     SeeInvis +       - Unarmed
rCold  . . .     Clarity  .     (armour unavailable)
rNeg   . . .     SustAt   .     (shield unavailable)
rPois  .         Gourm    .     (helmet unavailable)
rElec  .         Spirit   .     (cloak unavailable)
rCorr  .         Warding  .     (gloves unavailable)
rMut   .         Stasis   .     (boots unavailable)
MR     .....                    (no amulet)
Stlth  ++++......               (no ring)
                                (no ring)

@: quick, not resistant to hostile enchantments, stealthy
A: no armour, no weapons or thrown items, claws 1, fangs 3, see invisible,
carnivore 3, speed 1, shaggy fur 2, slow metabolism 1, sharp paws
a: Burn Spellbooks, Berserk, Trog's Hand, Renounce Religion


You were in an ossuary.
You worshipped Trog.
Trog was pleased with you.
You were completely stuffed.

You visited 1 branch of the dungeon, and saw 4 of its levels.
You also visited: Ossuary.

You collected 177 gold pieces.

Inventory:

Scrolls
 b - a scroll of enchant armour {unknown}
 d - 5 scrolls of teleportation
 f - 2 scrolls of remove curse
 l - a scroll of identify
Potions
 c - 2 potions of lignification {unknown}
 e - 2 potions of brilliance
 g - a potion of flight
 h - 3 potions of haste
 i - 3 potions of might
 j - a potion of curing
 k - a potion of agility {unknown}
 m - a potion of degeneration {unknown}
 n - a potion of cure mutation {unknown}
Comestibles
 a - a meat ration


   Skills:
 - Level 3.0 Fighting
 - Level 7.0 Dodging
 + Level 7.3 Stealth
 - Level 3.0 Unarmed Combat


You had 5 spell levels left.
You didn't know any spells.

Dungeon Overview and Level Annotations

Branches:
Dungeon (4/15)
 Temple: D:4-7

Altars:
Kikubaaqudgha
Makhleb
Yredelemnul


Innate Abilities, Weirdness & Mutations

You cannot wear armour.
You are incapable of wielding weapons or throwing items.
You have sharp claws.
You have razor-sharp teeth.
You have supernaturally acute eyesight.
You are carnivorous and can eat meat at any time.
You cover ground quickly.
You are covered in thick fur (AC +2).
You have a slow metabolism.
Your sharp claws are effective at attacking unaware monsters.


Message History

You scratch the centaur zombie.
The centaur zombie hits you but does no damage.
You completely miss the centaur zombie. You bite the centaur zombie.
The centaur zombie closely misses you.
You scratch the centaur zombie but do no damage.
The centaur zombie misses you.
You scratch the centaur zombie. The centaur zombie misses you.
The centaur zombie misses you.
You scratch the centaur zombie.
You destroy the centaur zombie!
You barely miss the mummy. You scratch the mummy. You bite the mummy.
The mummy is moderately damaged.
The mummy hits you!
Ouch! That really hurt!
You scratch the mummy but do no damage.
The mummy is moderately damaged.
The mummy hits you!
Ouch! That really hurt!
You die...

###.###
##.....##
#Z.....Z#
#.......#
#......Z#
#.....# #.#
#M# ###@###
##.....##
#.......#
##...∩...##
+...∩∩∩...+
##...∩...##
#.......#
##.....##
###.###


You could see a mummy.

Vanquished Creatures
  A human (D:3)
  3 orc priests
  A centaur zombie (Ossuary)
  6 adders
  2 worm zombies (D:4)
  A worm (D:3)
  An adder skeleton (D:4)
  2 giant geckos (D:3)
  6 orcs
  9 bats
  7 goblins
  5 hobgoblins
  5 kobolds
  A ball python (D:1)
  A giant cockroach (D:1)
  9 giant newts
  4 jackals
  2 kobold skeletons (D:3)
  6 rats
  A spectral orc (D:3)
73 creatures vanquished.

Notes
Turn   | Place    | Note
--------------------------------------------------------------
     0 | D:1      | Monkaria the Felid Berserker began the quest for the Orb.
     0 | D:1      | Reached XP level 1. HP: 10/10 MP: 2/2
   136 | D:1      | Reached XP level 2. HP: 14/14 MP: 3/3
   233 | D:1      | Reached skill level 5 in Dodging
   280 | D:1      | Acquired Trog's second power
   661 | D:2      | Reached XP level 3. HP: 17/17 MP: 4/4
   997 | D:2      | Reached skill level 6 in Dodging
  1123 | D:2      | Found a burning altar of Makhleb.
  1123 | D:2      | Noticed an Executioner
  1142 | D:2      | Found an ancient bone altar of Kikubaaqudgha.
  1397 | D:3      | Reached XP level 4. HP: 17/21 MP: 5/5
  1412 | D:3      | Killed from afar by an orc priest
  1413 | D:3      | Reached XP level 3. HP: -4/25 MP: 4/4
  1635 | D:3      | Reached skill level 7 in Dodging
  1912 | D:3      | Found a basalt altar of Yredelemnul.
  2015 | D:3      | Reached XP level 4. HP: 12/21 MP: 5/5
  2403 | D:3      | Found a runed door.
  2403 | D:3      | Noticed a human
  2408 | D:3      | Found a basalt altar of Yredelemnul.
  2526 | D:3      | Killed a human
  2526 | D:3      | Reached XP level 5. HP: 19/24 MP: 6/6
  2526 | D:3      | Gained mutation: You are covered in thick fur (AC +2). [Felid growth]
  2526 | D:3      | Reached XP level 6. HP: 22/28 MP: 7/7
  2816 | D:4      | Found a sand-covered staircase.
  2844 | Ossuary  | Entered an ossuary
  2907 | Ossuary  | Mangled by a mummy

Vault maps used:
D:1:      dpeg_arrival_concentric_ovals
D:2:      lemuel_crystal_altar, first_bread, makhleb_altar_promises_db
D:3:      yredelemnul_forgotten_temple_becter, dk_yredelemnul_ordeal
D:4:      lemuel_coloured_pillars_altar, kennysheep_mini_moat, enter_ossuary_3,
          uniq_crazy_yiuf_cottage, uniq_robin
Ossuary:  ossuary_minmay_four_chambers

Action                   |  1- 3 |  4- 6 || total
-------------------------+-------+-------++-------
Melee: Unarmed           |   138 |    85 ||   223
Invok: Berserk           |     4 |     5 ||     9
       Trog's Hand       |       |     3 ||     3
  Use: Scroll            |       |    11 ||    11
 Stab: Sleeping          |     5 |     1 ||     6
  Eat: Chunk             |    12 |    13 ||    25
